 Dungeon Crawl Stone Soup version 0.30.0-29-ga12c61a403 (webtiles) character file.

Game seed: 4611623637799526895

70 JanusIIV the Shooter (level 4, 0/27 HPs)
             Began as a Deep Elf Hunter on June 6, 2023.
             Slain by Grinder (5 damage)
             ... on level 3 of the Dungeon.
             The game lasted 00:02:40 (1756 turns).

JanusIIV the Shooter (Deep Elf Hunter)              Turns: 1756, Time: 00:02:40

Health: 0/27       AC:  8    Str:  8    XL:     4   Next: 4%
Magic:  6/6        EV: 12    Int: 14    God:
Gold:   207        SH:  0    Dex: 20    Spells: 3/3 levels left

rFire   . . .        a - +0 shortbow
rCold   . . .        (shield currently unavailable)
rNeg    . . .        c - +0 leather armour
rPois   .            k - +0 helmet
rElec   .            (no cloak)
rCorr   .            (no gloves)
SInv    .            (no boots)
Will    .....        (no amulet)
Stlth   ++           j - +4 ring of protection
HPRegen 0.24/turn    (no ring)
MPRegen 0.10/turn

%: no passive effects
@: no status effects
A: no striking features
a: no special abilities


You were on level 3 of the Dungeon.
You visited 1 branch of the dungeon, and saw 3 of its levels.

You collected 207 gold pieces.

Inventory:

Hand Weapons
 a - a +0 shortbow (weapon)
Armour
 c - a +0 leather armour (worn)
 k - a +0 helmet (worn)
Jewellery
 j - a +4 ring of protection (left hand)
Wands
 m - a wand of quicksilver (6)
Scrolls
 b - 2 scrolls of immolation
 d - 3 scrolls of identify {unknown}
 e - 2 scrolls of poison {unknown}
 f - a scroll of amnesia {unknown}
 g - 5 scrolls of enchant armour {unknown}
 l - a scroll of blinking {unknown}
 n - a scroll of fog {unknown}
 o - a scroll of noise {unknown}
Potions
 h - a potion of ambrosia {unknown}
 i - a potion of flight {unknown}


   Skills:
 + Level 2.7 Fighting
 + Level 6.4 Ranged Weapons
 - Level 2.4 Dodging
 - Level 1.2 Stealth


You had 3 spell levels left.
You didn't know any spells.
Your spell library contained the following spells:

 Spells                   Type           Power      Damage    Failure   Level
 Ice Form                 Ice/Tmut       0%         N/A       99%         4
 Summon Ice Beast         Ice/Summ       0%         N/A       99%         4
 Summon Cactus Giant      Summ           0%         N/A       100%        6


Dungeon Overview and Level Annotations

Branches:
Dungeon (3/15)

Altars:
Hepliaklqana

Annotations:
D:3 Grinder


Message History

You shoot an arrow.
The arrow hits Grinder but does no damage.
Grinder is heavily wounded.
Grinder says, "Mostly I couldn't keep them alive."
Grinder says, "There's only one good use for a tongue: cutting it out."
Grinder hits you.
You writhe in agony.
You shoot an arrow. The arrow completely misses Grinder.
Grinder says, "Don't move a muscle."
Grinder hits you.
You shoot an arrow. The arrow closely misses Grinder.
Grinder hits you but does no damage.
You shoot an arrow. The arrow barely misses Grinder.
Grinder gestures at you. Pain shoots through your body!
You shoot an arrow. The arrow hits Grinder!
Grinder is almost dead.
Grinder gestures at you. You resist with significant effort.
Grinder blinks!
You shoot an arrow. The arrow hits Grinder.
Grinder is almost dead.
Grinder zaps a wand.
The puff of flame hits you.
You are too injured to fight recklessly!
Unknown command.
You are too injured to fight recklessly!
Fire: a) +0 shortbow
Press: ? - help, Q - select action, (/) - cycle Shift-Dir - straight line, f/p - Grinder
Aim: Grinder, carrying a wand of flame (15) (almost dead, 63% to hit)
You shoot an arrow. The arrow hits Grinder.
Grinder is almost dead.
Fire: a) +0 shortbow
Press: ? - help, Q - select action, (/) - cycle Shift-Dir - straight line, f/p - Grinder
Aim: Grinder, carrying a wand of flame (15) (almost dead, 63% to hit)
You shoot an arrow.
The arrow hits Grinder but does no damage.
Grinder is almost dead.
Grinder grins, showing sharp teeth.
Grinder hits you.
* * * LOW HITPOINT WARNING * * *
You writhe in agony.
You die...

### #...........
... #...........
... #.!.........
...
#.#.....).....
...
#.#.#...........
...
#.#.#...........
..>
##.#....5........
### .........@.#
#........#
+........# #
####...^....# #.
+...........# #..
####........#
#...####........#
#...............#
#....#######'####


You could see Grinder.

Vanquished Creatures
  2 adders
  A worm (D:2)
  2 dart slugs
  7 bats
  An endoplasm (D:1)
  2 giant cockroaches (D:1)
  8 goblins
  4 hobgoblins
  2 jackals (D:1)
  2 kobolds
  4 quokkas
  4 ball pythons
  3 frilled lizards
42 creatures vanquished.

Notes
Turn   | Place    | Note
-------+----------+-------------------------------------------
     0 | D:1      | JanusIIV the Deep Elf Hunter began the quest for the Orb.
     0 | D:1      | Reached XP level 1. HP: 12/12 MP: 3/3
    15 | D:1      | Noticed a minotaur zombie
    17 | D:1      | Noticed a demonspawn zombie
   168 | D:1      | Reached XP level 2. HP: 17/17 MP: 4/4
   681 | D:2      | Reached skill level 6 in Ranged Weapons
   684 | D:2      | Reached XP level 3. HP: 21/21 MP: 5/5
  1141 | D:2      | Found a hazy altar of Hepliaklqana.
  1487 | D:3      | Found a faded altar of an unknown god.
  1490 | D:3      | Got Ribir's Tractate on Altered Companions
  1696 | D:3      | Reached XP level 4. HP: 23/27 MP: 6/6
  1743 | D:3      | Noticed Grinder
  1756 | D:3      | Slain by Grinder

Illustrated notes

Levels and vault maps discovered:
D:1:      shiori_arrival_whats_in_store_for_you, layout_loops_ring
D:2:      layout_basic, basic_altar
D:3:      layout_basic, nicolae_ecumenical_oubliette, saegor_snake_ambush,
          uniq_grinder, uniq_robin

Skill      XL: |  1  2 |
---------------+-------+-----
Fighting       | 2 |  2.7
Ranged Weapons | 6 |  6.4
Dodging        | |  2.4
Stealth        | |  1.2

Action                     |  1- 3 |  4- 6 || total
---------------------------+-------+-------++-------
   Fire: Shortbow          |   100 |    14 ||   114
 Armour: Leather armour    |    10 |     1 ||    11
  Dodge: Dodged            |    23 |       ||    23
